 Dungeon Crawl Stone Soup version 0.29.0-13-gc9e81de378 (webtiles) character file.

Game seed: 2022563702610145508

129 casanoah the Insei (level 4, -3/35 HPs)
             Began as a Draconian Transmuter on Sept 9, 2022.
             Frozen to death by an endoplasm (4 damage)
             ... on level 3 of the Dungeon.
             The game lasted 00:03:44 (4080 turns).

casanoah the Insei (Draconian Transmuter)           Turns: 4080, Time: 00:03:45

Health: -3/35      AC:  5    Str: 12    XL:     4   Next: 88%
Magic:  8/8        EV: 12    Int: 15    God:
Gold:   266        SH:  0    Dex: 12    Spells: 2/8 levels left

rFire   . . .      SeeInvis .     - Unarmed
rCold   . . .      Faith    .   (no shield)
rNeg    . . .      Spirit   .   (body armour unavailable)
rPois   +          Reflect  .   (helmet restricted)
rElec   .          Harm     .   (no cloak)
rCorr   .          Rampage  .   (no gloves)
Will    .....                   (no boots)
Stlth   ++........              (no amulet)
HPRegen 0.11/turn               k - ring of poison resistance
MPRegen 0.11/turn               (no ring)

@: slowed, very slow
A: AC +5, unfitting armour, cold-blooded
a: no special abilities


You were on level 3 of the Dungeon.
You visited 1 branch of the dungeon, and saw 4 of its levels.

You collected 266 gold pieces.

Inventory:

Jewellery
 k - a ring of poison resistance (left hand)
Scrolls
 b - 2 scrolls of butterflies {unknown}
 d - 2 scrolls of brand weapon {unknown}
 f - 2 scrolls of immolation {unknown}
 h - a scroll of identify {unknown}
 j - 2 scrolls of poison {unknown}
 m - a scroll of noise {unknown}
Potions
 a - 2 potions of lignification
 c - 3 potions of heal wounds {unknown}
 e - a potion of flight {unknown}
 g - a potion of might {unknown}
 i - a potion of degeneration {unknown}
 l - a potion of mutation {unknown}
 n - 2 potions of resistance {unknown}
 o - a potion of invisibility {unknown}


   Skills:
 + Level 1.1 Fighting
 + Level 2.1 Dodging
 + Level 1.7 Stealth
 + Level 4.2 Unarmed Combat
 + Level 2.6 Spellcasting
 + Level 2.5 Transmutations


You had 2 spell levels left.
You knew the following spells:

 Your Spells              Type           Power      Damage    Failure   Level
a - Beastly Appendage     Tmut           18%        N/A       8%          1
b - Wereblood             Tmut           9%         N/A       11%         2
c - Spider Form           Tmut/Pois      5%         N/A       36%         3

Your spell library contained the following spells:

 Spells                   Type           Power      Damage    Failure   Level
 Portal Projectile        Hex/Tloc       2%         N/A       54%         3
 Tukima's Dance           Hex            1%         N/A       54%         3
 Ice Form                 Ice/Tmut       5%         N/A       77%         4
 Blade Hands              Tmut           4%         N/A       90%         5


Dungeon Overview and Level Annotations

Branches:
Dungeon (4/15)
 Temple: D:4-7

Altars:
Dithmenos


Innate Abilities, Weirdness & Mutations

Your plain brown scales are hard. (AC +5)
You cannot fit into any form of body armour.
You are cold-blooded and may be slowed by cold attacks.


Message History

Your horns disappear.
Your talons disappear.
You start resting.
HP restored.
You see here a +0 halberd.
There is a stone staircase leading down, spattered with blood here.
You climb downwards.
The endoplasm freezes you.
You are frozen.
You feel yourself slow down. The gnoll closely misses you. x2
The endoplasm freezes you.
You are frozen.
You feel as though you will be slow longer.
There is a stone staircase leading up here.
The endoplasm hits you but does no damage.
The gnoll hits you with a +0 whip.
The endoplasm hits you but does no damage.
You climb upwards.
There is a stone staircase leading down, spattered with blood here.
Unknown command.
You hit the endoplasm but do no damage. The endoplasm barely misses you.
The endoplasm freezes you.
You are frozen.
You feel as though you will be slow longer.
The endoplasm freezes you.
You are frozen.
You feel as though you will be slow longer.
The endoplasm freezes you.
You are frozen.
* * * LOW HITPOINT WARNING * * *
You hit the endoplasm.
You kill the endoplasm!
The endoplasm freezes you.
You are frozen.
* * * LOW HITPOINT WARNING * * *
You feel as though you will be slow longer.
The endoplasm freezes you.
You are frozen.
* * * LOW HITPOINT WARNING * * *
The endoplasm freezes you.
You are frozen.
You die...

#.......########
#.......##...รท.#
#..)....##.###.#
#.......##.# #.#
#.......##.# #.#
#..........# #.#
######'#######.###
...............J>#
######'#######.#@#
#..........#.#.#
#..........#.#.#
#..........###.#
#..........# #.#
#.......#### #.#
#......)### #.#
#.......'.# #.#
###.......#.# #.#


You could see an endoplasm.

Vanquished Creatures
  3 adders
  A gnoll (D:3)
  A shadow imp (D:3)
  3 worms (D:3)
  2 dart slugs (D:3)
  2 orcs
  5 endoplasms
  5 giant cockroaches
  9 goblins
  4 hobgoblins
  A jackal (D:3)
  7 kobolds
  3 quokkas
  5 ball pythons
  8 bats
  6 frilled lizards
  2 rats (D:2)
67 creatures vanquished.

Notes
Turn   | Place    | Note
-------+----------+-------------------------------------------
     0 | D:1      | casanoah the Draconian Transmuter began the quest for the
                  | Orb.
     0 | D:1      | Reached XP level 1. HP: 16/16 MP: 3/3
   478 | D:1      | Reached XP level 2. HP: 23/23 MP: 3/5
  1248 | D:2      | Reached skill level 1 in Stealth
  1248 | D:2      | Reached XP level 3. HP: 24/28 MP: 4/6
  1725 | D:2      | Learned a level 2 spell: Wereblood
  1922 | D:2      | Found a faded altar of an unknown god.
  2579 | D:3      | Learned a level 3 spell: Spider Form
  2823 | D:3      | Identified the +9 spear of Impatience {flame, rF+ rC+
                  | Will++ Str+2}
  2872 | D:3      | Reached XP level 4. HP: 27/35 MP: 4/7
  3078 | D:3      | Found a shadowy altar of Dithmenos.
  3203 | D:3      | Reached skill level 4 in Unarmed Combat
  4080 | D:3      | HP: 1/35 [frozen (4)]
  4080 | D:3      | Frozen to death by an endoplasm

Illustrated notes

Levels and vault maps discovered:
D:1:      minmay_arrival_four_houses, layout_loops_corners,
          minmay_misc_feat_square
D:2:      minmay_chambers_of_twos, layout_basic,
          chequers_ecumenical_altar_twisty, minmay_parallelograms
D:3:      minmay_thinvault, layout_basic,
          nicolae_dithmenos_through_a_glass_darkly, minmay_misc_feat_iff,
          minmay_misc_feat_columns
D:4:      layout_rooms, nemelex_diamond_rough_becter,
          yredelemnul_forgotten_temple_becter

Skill      XL: |  1  2  3  4 |
---------------+-------------+-----
Stealth        | 1 |  1.7
Dodging        | 2 |  2.1
Unarmed Combat | 4 |  4.2
Fighting       | |  1.1
Spellcasting   | |  2.6
Transmutations | |  2.5

Action                   |  1- 3 |  4- 6 || total
-------------------------+-------+-------++-------
Melee: Unarmed           |   129 |    63 ||   192
       Kick              |    21 |     9 ||    30
       Headbutt          |    11 |    12 ||    23
       Tailslap          |     9 |     7 ||    16
       Punch             |     4 |     3 ||     7
 Cast: Beastly Appendage |    21 |    10 ||    31
       Wereblood         |     3 |       ||     3
 Stab: Sleeping          |     3 |     1 ||     4
Armor: Skin              |    64 |    17 ||    81
Dodge: Dodged            |    91 |    40 ||   131
